 Dungeon Crawl Stone Soup version 0.23.2-1-ga50397a (webtiles) character file.

Game seed: 6684157004228328940

363 prawnwizard the Firebug (level 6, -4/47 (50) HPs)
             Began as a Draconian Fire Elementalist on May 10, 2019.
             Was an Initiate of Vehumet.
             Slain by Pikel
             ... wielding a +2 whip of flaming
              (6 damage)
             ... on level 5 of the Dungeon.
             The game lasted 00:16:13 (6226 turns).

prawnwizard the Firebug (DrFE)                      Turns: 6226, Time: 00:16:13

HP:   -4/47 (50)    AC:  7    Str: 11    XL:     6   Next: 39%
MP:   10/10         EV: 12    Int: 13    God:    Vehumet [......]
Gold: 232           SH:  0    Dex: 19    Spells: 2/11 levels left

rFire    x . .     SeeInvis .   u - +5 hand axe of Niajuwn {drain, rElec Int-4 Dex+8}
rCold    + . .     Gourm    .   (no shield)
rNeg     . . .     Faith    .   (armour unavailable)
rPois    .         Spirit   .   (helmet restricted)
rElec    +         Reflect  .   (no cloak)
rCorr    .         Harm     .   s - +0 pair of gloves
MR       .....                  (no boots)
Stlth    ++........             (no amulet)
HPRegen  0.15/turn              i - ring of ice
MPRegen  0.12/turn              (no ring)

@: no status effects
A: unfitting armour, cold-blooded, AC +6
a: Renounce Religion


You were on level 5 of the Dungeon.
You worshipped Vehumet.
Vehumet was noncommittal.
You were not hungry.

You visited 2 branches of the dungeon, and saw 6 of its levels.

You collected 232 gold pieces.

Inventory:

Hand Weapons
 f - a +0 club
 p - a +0 whip
 t - the +10 hunting sling "Foob" {venom, +Fly Str+4}
   (You found it on level 4 of the Dungeon)

   It poisons the ammo it fires.
   It affects your strength (+4).
   It lets you fly.
 u - the +5 hand axe of Niajuwn (weapon) {drain, rElec Int-4 Dex+8}
   (You found it on level 4 of the Dungeon)

   A truly terrible weapon, it drains the life of those it strikes.
   It affects your intelligence (-4).
   It affects your dexterity (+8).
   It insulates you from electricity.
Armour
 s - a +0 pair of gloves (worn)
Jewellery
 i - a ring of ice (left hand)
Scrolls
 a - 5 scrolls of teleportation {unknown}
 c - 4 scrolls of identify {unknown}
 j - a scroll of remove curse {unknown}
 l - 3 scrolls of random uselessness {unknown}
 m - 2 scrolls of enchant weapon {unknown}
 r - 2 scrolls of blinking {unknown}
Potions
 d - 3 potions of heal wounds {unknown}
 e - 2 potions of curing {unknown}
 g - 2 potions of flight {unknown}
 h - 2 potions of might {unknown}
 k - a potion of brilliance {unknown}
 n - a potion of lignification {unknown}
 o - a potion of mutation {unknown}
 q - a potion of agility {unknown}
Comestibles
 b - 5 rations


   Skills:
 + Level 2.8 Fighting
 + Level 0.0 Slings
 - Level 1.7 Dodging
 - Level 1.7 Stealth
 + Level 3.3 Spellcasting
 + Level 2.9 Conjurations
 * Level 5.1 Fire Magic


You had 2 spell levels left.
You knew the following spells:

 Your Spells              Type           Power        Failure   Level  Hunger
a - Flame Tongue          Conj/Fire      ##...        4%          1    #......
b - Throw Flame           Conj/Fire      ##....       6%          2    ##.....
c - Conjure Flame         Conj/Fire      ##......     13%         3    ###....
d - Inner Flame           Hex/Fire       #.......     24%         3    ###....

Your spell library contained the following spells:

 Spells                   Type           Power        Failure   Level  Hunger
 Animate Skeleton         Necr           N/A          22%         1    #......
 Pain                     Necr           #...         22%         1    #......
 Sticky Flame             Conj/Fire      ##......     38%         4    #####..
 Regeneration             Chrm/Necr      #.........   56%         3    ###....
 Vampiric Draining        Necr           #.........   56%         3    ###....
 Fireball                 Conj/Fire      ##........   75%         5    ######.
 Animate Dead             Necr           N/A          92%         4    #####..


Dungeon Overview and Level Annotations

Branches:
Dungeon (5/15)             Temple (1/1) D:4

Altars:
Ashenzari
Cheibriados
Dithmenos
Elyvilon
Fedhas
Gozag
Hepliaklqana
Kikubaaqudgha
Makhleb
Nemelex Xobeh
Okawaru
Qazlal
Ru
Sif Muna
Trog
Uskayaw
Vehumet
Wu Jian
Xom
Yredelemnul
Zin
The Shining One
Beogh

Annotations:
D:3 Tew's ghost, amateur GrEE
D:5 Pikel


Innate Abilities, Weirdness & Mutations

Your plain brown scales are hard. (AC +6)
You cannot fit into any form of body armour.
You are cold-blooded and may be slowed by cold attacks.


Message History

The slave is almost dead.
The slave hits you!
* * * LOW HITPOINT WARNING * * *
You hit the slave.
You kill the slave!
That felt strangely unrewarding.
Casting: Flame Tongue (safe; 4% risk of failure)
Confirm with . or Enter, or press ? or * to list all spells.
Aiming: Flame Tongue (safe; 4% risk of failure)
Press: ? - help, Shift-Dir - straight line, f - Pikel
Aim: Pikel, wielding a +2 whip of flaming and wearing a +2 robe of magic resistance The flame tongue hits Pikel.
Pikel is lightly wounded.
Found a white potion.
Pikel smiles. "I know this place well.
And it is filled with the corpses of daring fools like you!
Won't you join me?"
The slave seems less drained.
Pikel hits you with a +2 whip of flaming!
* * * LOW HITPOINT WARNING * * *
Pikel burns you.
You die...

#.###...Z.#.#######
#...#.###..........
#...# #.#........
#...#.###......###
#..##.....#p.....#
#.. ###Z###..###.#
#. #p.[..)#
#..####K.###[##
#.....@..# ...
##.#.....###.###
#..#.#......###
#.....$##......
#..#<#.#....##
#...<.#.....##
........<....>#
##..........#.#
##.#.####..#


You could see Pikel, a slave and a leopard gecko skeleton.

Vanquished Creatures
  A slave (D:5)
  A necrophage (D:3)
  A howler monkey (D:4)
  Jessica (D:2)
  2 orc wizards
  4 adders
  3 worms
  3 dart slugs
  A leopard gecko (D:1)
  17 orcs
  2 ball pythons
  4 bats
  4 giant cockroaches
  6 goblins
  12 hobgoblins
  4 jackals
  A quokka (D:4)
  4 frilled lizards
  7 kobolds
  10 rats
88 creatures vanquished.

Notes
Turn   | Place    | Note
-------+----------+-------------------------------------------
     0 | D:1      | prawnwizard the Draconian Fire Elementalist began the quest
                  | for the Orb.
     0 | D:1      | Reached XP level 1. HP: 14/14 MP: 3/3
   140 | D:1      | Reached XP level 2. HP: 15/22 MP: 0/5
   524 | D:1      | Reached skill level 1 in Fighting
  1031 | D:1      | Reached XP level 3. HP: 7/28 MP: 4/6
  1257 | D:1      | Learned a level 2 spell: Throw Flame
  1261 | D:1      | Learned a level 3 spell: Conjure Flame
  1471 | D:2      | Noticed Jessica
  1478 | D:2      | Killed Jessica
  1478 | D:2      | Reached XP level 4. HP: 19/35 MP: 3/7
  1628 | D:2      | Reached skill level 4 in Fire Magic
  1685 | D:2      | Found a basalt altar of Yredelemnul.
  1882 | D:2      | Found a white marble altar of Elyvilon.
  1882 | D:2      | Found an opulent altar of Gozag.
  1915 | D:2      | You fall through a shaft for 2 floors!
  1960 | D:4      | Found a shimmering altar of Xom.
  1963 | D:4      | Found a shimmering altar of Xom.
  1963 | D:4      | Found a shimmering altar of Xom.
  1992 | D:4      | Found a staircase to the Ecumenical Temple.
  2013 | Temple   | Entered the Ecumenical Temple
  2223 | Temple   | Became a worshipper of Vehumet
  2465 | D:3      | Found a burning altar of Makhleb.
  3006 | D:3      | Reached XP level 5. HP: 19/41 MP: 0/9
  3440 | D:3      | Found a runed translucent gate.
  3440 | D:3      | Noticed Tew's ghost (amateur GrEE)
  3441 | D:3      | Found a runed translucent gate.
  3442 | D:3      | Found a runed translucent gate.
  3442 | D:3      | Found a roughly hewn altar of Beogh.
  3692 | D:3      | Found an ornate altar of the Wu Jian Council.
  3692 | D:3      | Found a shattered altar of Ashenzari.
  3693 | D:3      | Found a sacrificial altar of Ru.
  3693 | D:3      | Found a blossoming altar of Fedhas.
  3693 | D:3      | Noticed a necrophage
  3715 | D:3      | Killed a necrophage
  3834 | D:3      | Noticed a moth of wrath
  3837 | D:3      | Found a bloodstained altar of Trog.
  4098 | D:3      | Reached XP level 6. HP: 45/47 MP: 5/10
  4141 | D:3      | Learned a level 3 spell: Inner Flame
  4508 | D:3      | HP: 2/47 [orc/exploding inner flame[the player character]
                  | (40)]
  4850 | D:2      | Reached skill level 5 in Fire Magic
  5608 | D:4      | Got a brightly glowing hunting sling
  5609 | D:4      | Identified the +10 hunting sling "Foob" {venom, +Fly Str+4}
                  | (You found it on level 4 of the Dungeon)
  5950 | D:4      | Got a crude hand axe
  5951 | D:4      | Identified the +5 hand axe of Niajuwn {drain, rElec Int-4
                  | Dex+8} (You found it on level 4 of the Dungeon)
  6109 | D:5      | Entered Level 5 of the Dungeon
  6109 | D:5      | Noticed a slave
  6109 | D:5      | Noticed a slave
  6110 | D:5      | Noticed a slave
  6110 | D:5      | Noticed Pikel
  6200 | D:5      | Noticed a slave
  6209 | D:5      | Killed a slave
  6226 | D:5      | HP: 2/47 [Pikel/+2 whip of flaming (8)]
  6226 | D:5      | Slain by Pikel

Skill      XL: |  1  2  3  4  5  6 |
---------------+-------------------+-----
Fighting       | 1 2 |  2.8
Fire Magic     | 4 5 |  5.1
Conjurations   | 2 |  2.9
Spellcasting   | 3 |  3.3
Dodging        | |  1.7
Stealth        | |  1.7

Action                   |  1- 3 |  4- 6 || total
-------------------------+-------+-------++-------
Melee: Unarmed           |    51 |       ||    51
       Tailslap          |    12 |    18 ||    30
       Club              |    60 |   151 ||   211
       Hand axe          |       |     8 ||     8
 Cast: Flame Tongue      |    18 |    90 ||   108
       Throw Flame       |       |     5 ||     5
       Inner Flame       |       |     2 ||     2
       Conjure Flame     |       |     1 ||     1
 Stab: Sleeping          |       |     2 ||     2
  Eat: Chunk             |     2 |     6 ||     8
       Ration            |       |     3 ||     3
Armor: Skin              |    52 |    88 ||   140
Dodge: Dodged            |    99 |   182 ||   281
